 Dungeon Crawl Stone Soup version 0.27-a0-1200-g94dc6ad4cf (webtiles) character file.

Game seed: 1273619602101648911

1190 Strat the Firebug (level 8, -4/54 HPs)
             Began as a Human Fire Elementalist on June 1, 2021.
             Was an Initiate of Sif Muna.
             Slain by Duvessa
             ... wielding a +0 short sword
              (12 damage)
             ... on level 5 of the Dungeon.
             The game lasted 00:16:09 (8665 turns).

Strat the Firebug (Human Fire Elementalist)         Turns: 8665, Time: 00:16:09

Health: -4/54      AC:  3    Str:  9    XL:     8   Next: 71%
Magic:  11/15      EV: 16    Int: 17    God:    Sif Muna [......]
Gold:   282        SH:  0    Dex: 14    Spells: 1/17 levels left

rFire    . . .     SeeInvis .   a - +1 dagger (venom)
rCold    . . .     Faith    .   (no shield)
rNeg     . . .     Spirit   .   o - +0 robe
rPois    .         Reflect  .   (no helmet)
rElec    .         Harm     .   (no cloak)
rCorr    .         Rampage  .   (no gloves)
Will     .....                  q - +0 pair of boots
Stlth    ++........             (no amulet)
HPRegen  0.18/turn              g - +4 ring of evasion
MPRegen  0.14/turn              (no ring)

@: no status effects
A: no striking features
a: Renounce Religion


You were on level 5 of the Dungeon.
You worshipped Sif Muna.
Sif Muna was noncommittal.
You visited 2 branches of the dungeon, and saw 7 of its levels.

You collected 282 gold pieces.

Inventory:

Hand Weapons
 a - a +1 dagger of venom (weapon)
 e - a +0 dagger
 f - a +0 short sword
Missiles
 b - 8 atropa-tipped darts
 h - 91 stones
Armour
 o - a +0 robe (worn)
 q - a +0 pair of boots (worn)
Jewellery
 g - a +4 ring of evasion (left hand)
Scrolls
 c - 7 scrolls of identify
 i - 2 scrolls of amnesia
 l - a scroll of teleportation
 p - a scroll of holy word {unknown}
 r - 2 scrolls of enchant weapon {unknown}
 t - a scroll of fear {unknown}
Potions
 d - 2 potions of lignification
 j - a potion of might
 m - 2 potions of heal wounds
 n - a potion of invisibility {unknown}
 s - a potion of mutation {unknown}
 u - a potion of curing


   Skills:
 + Level 1.1 Fighting
 + Level 2.4 Dodging
 - Level 2.0 Stealth
 - Level 5.0 Spellcasting
 + Level 5.0 Conjurations
 + Level 7.0 Fire Magic


You had one spell level left.
You knew the following spells:

 Your Spells              Type           Power      Damage    Failure   Level
a - Foxfire               Conj/Fire      96%        2x1d8     1%          1
b - Conjure Flame         Conj/Fire      24%        6-21      3%          3
c - Inner Flame           Hex/Fire       16%        N/A       10%         3
d - Sticky Flame          Conj/Fire      24%        2d5       12%         4
e - Fireball              Conj/Fire      12%        3d7       32%         5

Your spell library contained the following spells:

 Spells                   Type           Power      Damage    Failure   Level


Dungeon Overview and Level Annotations

Branches:
Dungeon (6/15)             Temple (1/1) D:5

Altars:
Ashenzari
Cheibriados
Dithmenos
Elyvilon
Gozag
Hepliaklqana
Makhleb
Nemelex Xobeh
Okawaru
Qazlal
Ru
Sif Muna
Trog
Uskayaw
Vehumet
Wu Jian
Xom
Yredelemnul
Zin
The Shining One

Shops:
D:2 !

Annotations:
D:5 Duvessa


Message History

* * * LOW HITPOINT WARNING * * *
You hit Duvessa.
Duvessa is poisoned.
Duvessa is lightly wounded.
Duvessa closely misses you.
You see here a +0 club.
Casting: Foxfire (safe; 1% risk of failure)
Confirm with . or Enter, or press ? or * to list all spells.
You conjure some foxfire!
The foxfire hits Duvessa.
Duvessa is moderately wounded.
The foxfire hits Duvessa.
Duvessa is heavily wounded.
Casting: Foxfire (safe; 1% risk of failure)
Confirm with . or Enter, or press ? or * to list all spells.
You conjure some foxfire!
Duvessa hits you with a +0 short sword.
* * * LOW HITPOINT WARNING * * *
Your foxfire dissipates!
The foxfire hits Duvessa.
Duvessa is heavily wounded.
Duvessa hits you with a +0 short sword!
* * * LOW HITPOINT WARNING * * *
You hit Duvessa.
Duvessa is severely wounded.
Duvessa hits you with a +0 short sword.
* * * LOW HITPOINT WARNING * * *
You see here a +0 club.
You hit Duvessa but do no damage.
Duvessa is poisoned.
Duvessa is severely wounded.
Duvessa misses you.
Casting: Foxfire (safe; 1% risk of failure)
Confirm with . or Enter, or press ? or * to list all spells.
You conjure some foxfire!
Duvessa hits you with a +0 short sword!
* * * LOW HITPOINT WARNING * * *
Your foxfire dissipates!
The foxfire hits Duvessa but does no damage.
Duvessa is severely wounded.
Casting: Foxfire (safe; 1% risk of failure)
Confirm with . or Enter, or press ? or * to list all spells.
You conjure some foxfire!
Duvessa hits you with a +0 short sword!
You die...

......###..............#.##.##.#.
......######....)##....#.##.##...
.............)....)......##...##.
.....#####......).....[..####.##.
...............#.##<....># #....
......####.#...#.##....### #####
......#........#.##....#
#####.#.........ev...#.#
#.#.##.....#@v.....#
#.#.##...#.........#
#.#.##..##.#.##.##.#
#####.#..#..##.####.##.#
≈≈≈≈≈≈≈≈≈...##.)....##.#
≈#≈≈≈≈≈#≈#.###########.#
≈#≈###≈#≈#.# #.# ≈#≈≈≈≈≈#≈[.# ###
≈≈≈≈≈≈≈≈≈.##


You could see Duvessa (poisoned, ally target).

Vanquished Creatures
  Eustachio (D:4)
  A sky beast (D:5)
  A black bear (D:5)
  A necrophage (D:4)
  A centaur (D:5)
  A phantom (D:4)
  A scorpion (D:5)
  A water moccasin zombie (D:4)
  Dowan (D:5)
  A hound (D:4)
  A jelly (D:5)
  3 orc priests
  A centaur skeleton (D:5)
  A bullfrog skeleton (D:4)
  An iguana (D:3)
  An orc wizard (D:5)
  3 gnolls (D:5)
  6 adders
  An ufetubus (D:4)
  2 adder skeletons
  3 worms (D:2)
  2 dart slugs (D:2)
  9 orcs
  6 ball pythons
  7 bats
  7 endoplasms
  4 giant cockroaches
  6 goblins
  8 hobgoblins
  13 jackals
  6 kobolds
  3 quokkas
  7 frilled lizards
  A jackal skeleton (D:4)
  13 rats
125 creatures vanquished.

Vanquished Creatures (others)
  485 foxfires
  3 plants (D:5)
488 creatures vanquished.

Grand Total: 613 creatures vanquished

Notes
Turn   | Place    | Note
-------+----------+-------------------------------------------
     0 | D:1      | Strat the Human Fire Elementalist began the quest for the
                  | Orb.
     0 | D:1      | Reached XP level 1. HP: 13/13 MP: 3/3
   438 | D:1      | Reached XP level 2. HP: 19/19 MP: 3/5
   918 | D:1      | Reached XP level 3. HP: 24/24 MP: 2/6
  1087 | D:1      | Learned a level 3 spell: Conjure Flame
  2011 | D:2      | Reached XP level 4. HP: 28/30 MP: 3/7
  2117 | D:2      | Found Wuihojeral's Distillery.
  2269 | D:2      | Reached skill level 4 in Fire Magic
  2528 | D:2      | Learned a level 3 spell: Inner Flame
  3718 | D:3      | Reached XP level 5. HP: 29/35 MP: 2/8
  4185 | D:3      | Found a glowing golden altar of the Shining One.
  4185 | D:3      | Found a burning altar of Makhleb.
  4826 | D:4      | Reached XP level 6. HP: 27/41 MP: 1/10
  4960 | D:4      | Reached skill level 5 in Fire Magic
  5110 | D:4      | Learned a level 4 spell: Sticky Flame
  5117 | D:4      | Noticed a necrophage
  5123 | D:4      | Killed a necrophage
  5179 | D:4      | Reached XP level 7. HP: 40/46 MP: 8/12
  5491 | D:4      | Noticed Eustachio
  5655 | D:4      | Killed Eustachio
  6112 | D:5      | Entered Level 5 of the Dungeon
  6146 | D:5      | Reached skill level 6 in Fire Magic
  6267 | D:5      | Reached XP level 8. HP: 52/52 MP: 10/15
  6273 | D:5      | Learned a level 5 spell: Fireball
  6703 | D:5      | Found a staircase to the Ecumenical Temple.
  6719 | Temple   | Entered the Ecumenical Temple
  6867 | Temple   | Became a worshipper of Sif Muna the Loreminder
  6887 | D:5      | Noticed Dowan
  6912 | D:5      | Noticed Duvessa
  7217 | D:5      | Reached skill level 5 in Spellcasting
  7217 | D:5      | Reached skill level 5 in Conjurations
  7533 | D:5      | Killed Dowan
  7686 | D:5      | Reached skill level 7 in Fire Magic
  7865 | D:5      | Reached skill level 1 in Fighting
  8665 | D:5      | Slain by Duvessa

Illustrated notes

Levels and vault maps discovered:
D:1:      dpeg_arrival_ratfight, layout_basic
D:2:      layout_basic, serial_shops, nicolae_shop_waterfront
D:3:      layout_rooms, grunt_temple_overflow_open, serial_glass,
          glass_columns_c, glass_columns_b, glass_columns_b, glass_columns_a,
          glass_columns_a, glass_columns_b, glass_columns_c, glass_columns_c,
          grunt_ministairs_2, kennysheep_generic_room_11
D:4:      layout_rooms, uniq_eustachio
D:5:      layout_basic, minmay_temple_entry_junction_2, portal_sewer_entry_d,
          minmay_crystal_water, serial_bayou_crossing, uniq_duvessa
D:6:      layout_basic
Temple:   regret_index_temple_mists

Skill      XL: |  1  2  3  4  5  6  7  8 |
---------------+-------------------------+-----
Conjurations   | 2 3 4 5 |  5.0
Fire Magic     | 4 5 6 7 |  7.0
Spellcasting   | 3 4 5 |  5.0
Fighting       | 1 |  1.1
Dodging        | |  2.4
Stealth        | |  2.0

Action                   |  1- 3 |  4- 6 |  7- 9 || total
-------------------------+-------+-------+-------++-------
Melee: Unarmed           |     8 |       |       ||     8
       Dagger            |       |    12 |    14 ||    26
 Cast: Foxfire           |    57 |   118 |   113 ||   288
       Conjure Flame     |       |       |     1 ||     1
  Use: Scroll            |     2 |     5 |     4 ||    11
Armor: Robe              |     4 |    10 |    15 ||    29
Dodge: Dodged            |    16 |    87 |    59 ||   162

Table legend: (Time is in decaauts)
 A = Elapsed time spent in this place.
 B = Non-inter-level travel time spent in this place.
 C = Inter-level travel time spent in this place.
 D = Time resting spent in this place.
 E = Time spent auto-exploring this place.
 F = Levels seen in this place.
 G = Mean time per level.
                   A        B        C        D        E       F      G
               +--------+--------+--------+--------+--------+-----+--------+
         Total |   8731 |   8360 |    371 |   1839 |   5162 |   7 | 1247.3 |
       Dungeon |   8320 |   7977 |    343 |   1643 |   4996 |   6 | 1386.7 |
        Temple |    410 |    382 |     28 |    196 |    166 |   1 |  410.0 |
               +--------+--------+--------+--------+--------+-----+--------+

Top non-repeatable levels by time:
     D:1: 1955 daAuts
     D:5: 1943 daAuts
     D:2: 1744 daAuts
     D:3: 1438 daAuts
     D:4: 1237 daAuts
  Temple: 410 daAuts
     D:6: 1 daAuts
